 Dungeon Crawl Stone Soup version 0.7.1-16-gde135da character file.

132 scummos the Ducker (level 3, -1/23 HPs)
             Began as a Merfolk Ice Elementalist on Aug 13, 2010.
             Slain by Terence
             ... wielding a +0,+0 flail
              (9 damage)
             ... on Level 3 of the Dungeon.
             The game lasted 00:16:00 (1895 turns).

scummos the Ducker (Merfolk Ice Elementalist)       Turns: 1895, Time: 00:16:00

HP  -1/23        AC  2     Str  8 Exp: 3/71 (0), need: 12
MP   0/5         EV 14     Int 15      God:
Gold 83          SH  0     Dex 14      Spells:  1 memorised,  3 levels left

Res.Fire  : . . .   See Invis. : .   f - +0 short sword
Res.Cold  : . . .   Warding    : .   a - +0 robe
Life Prot.: . . .   Conserve   : .   (no shield)
Res.Poison: .       Res.Corr.  : .   (no helmet)
Res.Elec. : .       Clarity    : .   (no cloak) Spirit.Shd: . Stasis : .
                                     (no gloves)
Sust.Abil.: . .     Rnd.Telep. : .   (no boots)
Res.Mut.  : .       Ctrl.Telep.: .   (no amulet)
Res.Rott. : .       Levitation : .   (no ring)
Saprovore : . . .   Ctrl.Flight: .   (no ring)

@: not resistant to hostile enchantments, fairly stealthy
A: change form in water
a: no special abilities


You were on level 3 of the Dungeon.
You were not hungry.

You visited 1 branch of the dungeon, and saw 3 of its levels.

You collected 63 gold pieces.

Inventory:

Hand weapons
 f - a +0,+0 short sword (weapon)
 k - a +0,+0 quarterstaff
Armour
 a - a +0 robe (worn)
Comestibles
 c - a bread ration
 d - a meat ration
 i - a rotting chunk of giant cockroach flesh
Scrolls
 h - 2 scrolls of teleportation
 j - a scroll of fear
 l - a scroll of enchant armour {unknown}
Potions
 e - a potion of heal wounds {unknown}
 g - a potion of healing {unknown}
 m - a potion of might {unknown}
Books
 b - a book of Frost

   Spells                             Type                      Level
   *Freeze                            Ice                          1
   Throw Frost                        Conjuration/Ice              2
   Ozocubu's Armour                   Enchantment/Ice              3
   Throw Icicle                       Conjuration/Ice              4
   Summon Ice Beast                   Ice/Summoning                5
   Freezing Cloud                     Conjuration/Ice/Air          6
   You had 0 experience left.


   Skills:
 + Level 1 Short Blades
 + Level 4 Dodging
 + Level 2 Stealth
 + Level 1 Spellcasting
 + Level 3 Ice Magic


You had 3 spell levels left.
You knew the following spells:

 Your Spells              Type           Power        Success   Level
a - Freeze                Ice            ##...        Great       1

Dungeon Overview and Level Annotations

Branches:
Dungeon (3/27)

Altars:


Message History

You freeze Terence.
Terence resists.
Terence is almost dead.
* * * LOW MAGIC WARNING * * *
Terence hits you with a flail.
* * * LOW HITPOINT WARNING * * *
You miss Terence. Terence hits you with a flail!
You die...

,,,,,,,,,* ,,,,,,,,*
,,,,,,,,,* ,,,,,,,,*
###############
,,,,,,,,,*
######..............
,,********
#.......####.....###
***
#.......#..'.....#
#[...%..#.##.....#**
#.@.....#.###.......
#..@....#.##########
#.......#...........
#.....(.#####....###
######>## #....#
########....#
#..........#
#.......####**
#.......# ***,


You could see Terence.

Vanquished Creatures
  Monster Symbol All 'b'
  9 giant bats
9 creatures vanquished. All 'f' 2 toadstools
2 creatures vanquished. All 'g' 5 hobgoblins 4 goblins
9 creatures vanquished. All 'K' 2 kobolds
2 creatures vanquished. All 'l' 2 giant newts
2 creatures vanquished. All 'r' 6 rats
6 creatures vanquished. All 's' A giant mite (D:2) 2 giant cockroaches
3 creatures vanquished. All 'S' A snake (D:2)
1 creature vanquished.
34 creatures vanquished. Monster Nature Natural Monsters A snake (D:2) A giant mite (D:2) 9 giant bats 2 giant cockroaches 5 hobgoblins 2 kobolds 2 giant newts 4 goblins 6 rats
32 creatures vanquished. Plants 2 toadstools
2 creatures vanquished.
34 creatures vanquished. Ascending Order A snake (D:2) A giant mite (D:2) 2 giant cockroaches 2 kobolds 2 giant newts 2 toadstools 4 goblins 5 hobgoblins 6 rats 9 giant bats
34 creatures vanquished. ----------------------------------------

Vanquished Creatures (others)
  Monster Symbol All 'f'
  2 toadstools
2 creatures vanquished.
2 creatures vanquished. Monster Nature Plants 2 toadstools
2 creatures vanquished.
2 creatures vanquished. Ascending Order 2 toadstools
2 creatures vanquished. ----------------------------------------

Grand Total: 36 creatures vanquished

Notes
Turn   | Place    | Note
--------------------------------------------------------------
     0 | D:1      | scummos, the Merfolk Ice Elementalist, began the quest for the Orb.
     0 | D:1      | Reached XP level 1. HP: 11/11 MP: 3/3
   225 | D:1      | Reached XP level 2. HP: 17/17 MP: 4/4
  1095 | D:2      | Reached XP level 3. HP: 9/23 MP: 1/5
  1246 | D:2      | Reached skill 4 in Dodging
  1530 | D:2      | Reached skill 1 in Short Blades
  1872 | D:3      | Noticed Terence
  1895 | D:3      | Slain by Terence
